 Dungeon Crawl Stone Soup version 0.30-a0-2-gf48d83f5e2 (webtiles) character file.

Game seed: 10599292218202376491

104 ytrimaz the Stinger (level 4, 0/28 HPs)
             Began as an Octopode Transmuter on Aug 20, 2022.
             Splashed by a jelly's acid (5 damage)
             ... on level 3 of the Dungeon.
             The game lasted 00:02:35 (3214 turns).

ytrimaz the Stinger (Octopode Transmuter)           Turns: 3214, Time: 00:02:35

Health: 0/28       AC: -2    Str:  9    XL:     4   Next: 80%
Magic:  5/8        EV: 19    Int: 17    God:
Gold:   112        SH:  0    Dex: 17    Spells: 2/8 levels left

rFire   . . .      SeeInvis .      - Unarmed
rCold   . . .      Faith    .    (shield currently unavailable)
rNeg    . . .      Spirit   .    (helmet currently unavailable)
rPois   x          Reflect  .    (no amulet)
rElec   .          Harm     .    (no ring)
rCorr   .          Rampage  .    (no ring)
Will    .....                    (no ring)
Stlth   ++........               (no ring)
HPRegen 0.09/turn                (no ring)
MPRegen 0.11/turn                (no ring)
                                 (no ring)
                                 (no ring)

@: spider-form (expiring), corroded
A: venomous fangs, almost no armour, (amphibious), 8 rings, tiny, (camouflage
1), (gelatinous body 1), (nimble swimmer 1), (tentacles)
a: End Transformation


You were on level 3 of the Dungeon.
You were a venomous arachnid creature.
You visited 1 branch of the dungeon, and saw 3 of its levels.

You collected 244 gold pieces.
You spent 132 gold pieces at shops.

Inventory:

Armour
 l - a +2 hat (melded)
Wands
 i - a wand of flame (16)
Scrolls
 g - 2 scrolls of fear
 j - a scroll of butterflies
 k - 2 scrolls of poison
Potions
 a - 2 potions of lignification
 b - a potion of attraction {unknown}
 c - a potion of magic {unknown}
 d - a potion of heal wounds
 f - 4 potions of curing


   Skills:
 - Level 1.0 Fighting
 + Level 0.2 Throwing
 - Level 2.0 Dodging
 - Level 3.0 Unarmed Combat
 - Level 2.8 Spellcasting
 - Level 2.8 Transmutations
 + Level 0.1 Air Magic
 * Level 3.4 Poison Magic


You had 2 spell levels left.
You knew the following spells:

 Your Spells              Type           Power      Damage    Failure   Level
a - Beastly Appendage     Tmut           24%        N/A       16%         1
b - Wereblood             Tmut           12%        N/A       22%         2
c - Spider Form           Tmut/Pois      13%        N/A       32%         3

Your spell library contained the following spells:

 Spells                   Type           Power      Damage    Failure   Level
 Ice Form                 Ice/Tmut       7%         N/A       86%         4


Dungeon Overview and Level Annotations

Branches:
Dungeon (3/15)

Altars:
Uskayaw

Shops:
D:2 ?

Annotations:
D:3 2 runed translucent doors, Splishie's ghost, weakling GnWn


Innate Abilities, Weirdness & Mutations

You are a venomous arachnid creature.
You have poisonous fangs.
You are tiny and dextrous.
Your spellcasting is less reliable in this form.
Your armour is entirely melded.
You are incapable of wielding weapons or throwing items.
You cannot wear most types of armour.
((You are amphibious.))
You can wear up to eight rings at the same time.
((Your skin changes colour to match your surroundings (Stealth+).))
((Your rubbery body absorbs attacks. (AC +1, EV +1)))
((You are camouflaged when in or above water. (Stealth+)))
((You have tentacles for arms and can constrict up to eight enemies at once.))


Message History

HP restored.
Unknown command.
Unknown command.
As you read the scroll of identify, it crumbles to dust.
f - 4 potions of curing You see here a +0 buckler.
There is a stone staircase leading down here.
You climb downwards.
There is a stone staircase leading up here.
Okay, then.
You now have 89 gold pieces (gained 12).
Found a large runed translucent door.
You now have 112 gold pieces (gained 23).
Splishie's ghost stares at you.
A jelly is nearby!
A jelly is nearby!
A jelly is nearby!
Casting: Beastly Appendage (safe; 5% risk of failure)
Confirm with . or Enter, or press ? or * to list all spells.
The spell is quite dangerous to miscast (14% risk of failure)!
Continue anyway?
You turn into a venomous arachnid creature.
Your +2 hat melds into your body.
The jelly quivers.
Unknown command.
The jelly misses you.
You hit the jelly.
Your front legs burn!
The jelly is moderately wounded.
The jelly hits you but does no damage.
You hit the jelly.
The jelly is poisoned.
Your front legs burn!
The jelly is moderately wounded.
Your transformation is almost over.
The jelly hits you. The acid corrodes you!
You are splashed with acid!
You are too injured to fight recklessly!
You hit the jelly but do no damage.
Your front legs burn!
* * * LOW HITPOINT WARNING * * *
The jelly is moderately wounded.
The jelly completely misses you.
You are too injured to fight recklessly!
You hit the jelly.
Your front legs burn!
You die...

#......# #...# #...# #
######...#.#### #####
#..<.......?..###.#.###
###.####..#######.#..$~≈##
###.###............# #~.~.~#.#
................##.# ##~.#.8..#
###.###.#.###.Js...# #≈..~...#
..........###......#######++####
###...........................#.
#####.#####.....#####.......#.
#.# #.[...# #.#....... #J#
###.### #.#######. #.# #.# #.#
#.. ##.#######.## #.# #..
#..g...J....# #.## #..


You could see a jelly (very poisoned).

Vanquished Creatures
  Terence (D:2)
  A gnoll (D:2)
  3 adders
  2 dart slugs (D:1)
  5 ball pythons
  5 bats
  6 endoplasms
  3 goblins
  A hobgoblin (D:3)
  4 jackals (D:2)
  3 frilled lizards (D:1)
  2 kobolds
  6 rats
42 creatures vanquished.

Notes
Turn   | Place    | Note
-------+----------+-------------------------------------------
     0 | D:1      | ytrimaz the Octopode Transmuter began the quest for the
                  | Orb.
     0 | D:1      | Reached XP level 1. HP: 13/13 MP: 3/3
   359 | D:1      | Reached XP level 2. HP: 18/18 MP: 3/5
   588 | D:1      | Found a faded altar of an unknown god.
   661 | D:1      | Learned a level 2 spell: Wereblood
  1237 | D:2      | Reached XP level 3. HP: 15/23 MP: 5/7
  1241 | D:2      | Learned a level 3 spell: Spider Form
  1700 | D:2      | Reached skill level 1 in Poison Magic
  2058 | D:2      | Found Laing's Magic Scroll Shop.
  2062 | D:2      | Bought a scroll of fear for 44 gold pieces
  2062 | D:2      | Bought a scroll of poison for 44 gold pieces
  2062 | D:2      | Bought a scroll of identify for 22 gold pieces
  2062 | D:2      | Bought a scroll of identify for 22 gold pieces
  2113 | D:2      | Noticed Terence
  2123 | D:2      | Killed Terence
  2124 | D:2      | Reached XP level 4. HP: 22/28 MP: 5/8
  2201 | D:2      | Found a hide-covered altar of Uskayaw.
  3175 | D:3      | Found a large runed translucent door.
  3176 | D:3      | Found a large runed translucent door.
  3176 | D:3      | Noticed Splishie's ghost (weakling GnWn)
  3214 | D:3      | Splashed by a jelly's acid

Illustrated notes

Levels and vault maps discovered:
D:1:      tarquinn_simple_flora_water_a, layout_loops_ring,
          hellmonk_ecumenical_altar_heavens_door
D:2:      layout_loops_ring, basic_altar, serial_shops,
          nicolae_shop_behind_doors, cheibrodos_gnoll_hut, uniq_terence
D:3:      layout_loops_ring, ebering_ghost_disaster_area, st_stairs_10

Skill      XL: |  1  2  3  4 |
---------------+-------------+-----
Poison Magic   | 2 3 |  3.4
Fighting       | |  1.0
Throwing       | |  0.2
Dodging        | |  2.0
Unarmed Combat | |  3.0
Spellcasting   | |  2.8
Transmutations | |  2.8
Air Magic      | |  0.1

Action                   |  1- 3 |  4- 6 || total
-------------------------+-------+-------++-------
Melee: Unarmed           |    58 |    34 ||    92
       Kick              |    13 |     2 ||    15
       Constrict         |    13 |     3 ||    16
       Tentacles         |     9 |     6 ||    15
 Cast: Beastly Appendage |    22 |     3 ||    25
       Spider Form       |     1 |     3 ||     4
  Use: Scroll            |     3 |     2 ||     5
 Stab: Sleeping          |     5 |     3 ||     8
Armor: Skin              |     4 |     3 ||     7
Dodge: Dodged            |    31 |    30 ||    61

Table legend: (Time is in decaauts)
 A = Elapsed time spent in this place.
 B = Non-inter-level travel time spent in this place.
 C = Inter-level travel time spent in this place.
 D = Time resting spent in this place.
 E = Time spent auto-exploring this place.
 F = Levels seen in this place.
 G = Mean time per level.
                   A        B        C        D        E       F      G
               +--------+--------+--------+--------+--------+-----+--------+
         Total |   3208 |   3089 |    119 |    102 |   2580 |   3 | 1069.3 |
       Dungeon |   3208 |   3089 |    119 |    102 |   2580 |   3 | 1069.3 |
               +--------+--------+--------+--------+--------+-----+--------+

Top non-repeatable levels by time:
     D:2: 1547 daAuts
     D:1: 1203 daAuts
     D:3: 457 daAuts
